Map: 世界主宰-天梯版

Players

JieShi

  • Race: Protoss Protoss

Yukki (ReWhite) - Winner!

  • Race: Protoss Protoss
  • League: Master

Event: DreamHack SC2 Masters 2021 Winter

VOD

Have the link to the VOD?

Description

Time

  • Played on: Oct. 6, 2021, 8:26 a.m.
  • Length: 10:09

All games in this series

Show
View Real Time Build Order
Export as new Build Order

JieShi Protoss 

Build Orders: Oracle Opening 

Get SALT Encoding   

  12  0:00  Probe  
  13  0:12  Probe  
  14  0:18  Pylon  
  14  0:24  Probe (Chrono Boost)  
  15  0:37  Probe (Chrono Boost)  
  15  0:38  Gateway  
  16  0:43  Probe (Chrono Boost)  
  16  0:47  Assimilator  
  17  0:51  Probe  
  17  0:55  Assimilator  
  18  1:04  Probe (Chrono Boost)  
  19  1:09  Gateway  
  19  1:13  Probe (Chrono Boost)  
  20  1:18  Probe (Chrono Boost)  
  21  1:26  Cybernetics Core  
  21  1:30  Probe  
  22  1:35  Pylon  
  22  1:42  Probe  
  23  1:54  Probe  
  24  2:03  Adept x2, Warp Gate  
  28  2:13  Pylon  
  28  2:21  Stargate  
  28  2:31  Pylon  
  28  2:34  Stalker  
  29  2:37  Stalker  
  31  3:03  Probe  
  31  3:04  Nexus  
  32  3:14  Shield Battery  
  32  3:16  Oracle (Chrono Boost)  
  33  3:29  Shield Battery  
  34  3:35  Pylon  
  34  3:37  Void Ray (Chrono Boost)  
  35  3:48  Probe  
  35  3:54  Shield Battery  
  36  4:01  Probe  
  37  4:05  Stalker  
  36  4:13  Void Ray (Chrono Boost)  
  36  4:14  Stalker  
  42  4:30  Stalker  
  44  4:41  Probe x2  
  44  4:45  Void Ray (Chrono Boost)  
  46  4:51  Pylon  
  46  4:56  Probe  
  46  4:57  Probe  
  51  5:08  Probe  
  51  5:09  Probe  
  51  5:12  Shield Battery  
  51  5:13  Stalker  
  55  5:20  Probe  
  55  5:21  Probe  
  57  5:31  Adept  
  57  5:32  Probe  
  57  5:33  Probe  
  59  5:44  Robotics Facility, Probe  
  59  5:45  Probe  
  59  5:48  Adept  
  64  5:57  Probe x2 (Chrono Boost)  
  64  5:59  Pylon  
  64  6:00  Sentry  
  64  6:04  Assimilator  
  67  6:08  Probe x2 (Chrono Boost)  
  67  6:09  Gateway  
  69  6:13  Probe (Chrono Boost)  
  69  6:15  Probe  
  71  6:23  Probe  
  72  6:27  Probe  
  72  6:29  Pylon  
  73  6:35  Probe  
  70  6:40  Probe  
  70  6:42  Observer (Chrono Boost)  
  62  6:47  Probe  
  62  6:52  Probe  
  61  6:59  Probe  
  62  7:04  Probe  
  60  7:11  Probe  
  60  7:12  Observer (Chrono Boost)  
  59  7:16  Probe  
  59  7:23  Probe  
  59  7:28  Probe, Forge  
  61  7:32  Warp Prism (Chrono Boost), Sentry  
  61  7:35  Probe  
  66  7:37  Stalker  
  66  7:40  Probe  
  69  7:49  Gateway  
  69  7:55  Void Ray  
  69  7:57  Immortal (Chrono Boost)  
  77  8:07  Photon Cannon  
  77  8:13  Photon Cannon  
  77  8:18  Sentry  
  77  8:19  Adept  
  81  8:22  Stalker  
  83  8:28  Pylon  
  83  8:40  Adept  
  85  8:44  Pylon  
  85  8:48  Immortal (Chrono Boost), Observer  
  85  8:53  Pylon  
  85  8:54  Sentry  
  85  8:55  Stalker  
  93  8:59  Observer  
  93  9:02  Pylon  
  93  9:18  Stalker x4  
  97  9:45  Stalker x3  
  95  9:48  Probe  
  95  9:49  Probe  
  95  9:51  Stalker  
Show
View Real Time Build Order
Export as new Build Order

Yukki Protoss - Winner!

Build Orders:  

Get SALT Encoding   

  12  0:00  Probe  
  13  0:12  Probe  
  14  0:17  Pylon  
  14  0:24  Probe  
  15  0:36  Probe (Chrono Boost)  
  15  0:37  Gateway  
  16  0:43  Assimilator  
  16  0:49  Probe (Chrono Boost)  
  17  0:55  Probe (Chrono Boost)  
  17  0:57  Assimilator  
  18  1:03  Probe (Chrono Boost)  
  19  1:08  Gateway  
  19  1:15  Probe (Chrono Boost)  
  20  1:22  Probe (Chrono Boost)  
  20  1:25  Cybernetics Core  
  21  1:29  Probe  
  22  1:35  Pylon  
  22  1:41  Probe  
  23  2:01  Stalker x2  
  23  2:02  Warp Gate  
  23  2:06  Pylon  
  27  2:16  Robotics Facility  
  27  2:31  Stalker  
  27  2:33  Stalker  
  31  2:54  Shield Battery  
  31  3:04  Observer  
  32  3:18  Gateway  
  32  3:20  Pylon  
  32  3:23  Immortal (Chrono Boost)  
  35  3:34  Probe  
  35  3:40  Shield Battery  
  36  3:51  Stalker, Nexus  
  36  3:52  Observer  
  36  3:53  Pylon  
  38  4:01  Pylon  
  38  4:07  Warp Prism (Chrono Boost)  
  38  4:09  Observer  
  41  4:18  Twilight Council  
  41  4:21  Probe  
  41  4:26  Sentry x2  
  45  4:33  Probe  
  46  4:50  Probe (Chrono Boost)  
  47  4:58  Observer  
  48  5:00  Probe (Chrono Boost)  
  48  5:03  Dark Shrine  
  48  5:05  Stalker  
  48  5:06  Stalker, Probe  
  50  5:08  Probe  
  50  5:09  Adept x2  
  52  5:17  Shield Battery  
  52  5:19  Probe  
  52  5:20  Probe  
  54  5:31  Probe  
  54  5:35  Probe  
  56  5:38  Blink (Chrono Boost)  
  52  5:43  Immortal (Chrono Boost), Probe  
  52  5:47  Probe  
  58  5:55  Probe  
  59  6:00  Probe  
  59  6:04  Gateway  
  60  6:07  Probe  
  61  6:16  Dark Templar  
  61  6:17  Dark Templar  
  65  6:21  Probe  
  65  6:23  Probe  
  66  6:33  Probe  
  66  6:35  Probe  
  66  6:45  Probe  
  63  6:47  Probe  
  63  6:49  Stalker x2  
  63  6:53  Assimilator  
  66  6:55  Assimilator  
  66  6:57  Probe  
  66  6:59  Observer, Probe  
  64  7:08  Stalker  
  64  7:09  Probe  
  64  7:11  Probe, Pylon  
  64  7:15  Observer  
  68  7:17  Forge  
  68  7:21  Probe  
  67  7:23  Stalker, Probe  
  67  7:25  Pylon  
  70  7:33  Probe  
  70  7:35  Probe  
  72  7:37  Immortal (Chrono Boost)  
  72  7:42  Nexus  
  76  7:44  Pylon  
  76  7:47  Probe  
  76  7:48  Probe  
  76  7:49  Charge (Chrono Boost)  
  76  7:50  Protoss Ground Weapons Level 1  
  78  7:56  Stalker x2  
  82  8:01  Stalker  
  82  8:05  Probe x2  
  86  8:09  Observer  
  87  8:17  Photon Cannon, Probe x2 (Chrono Boost)  
  89  8:26  Shield Battery  
  89  8:29  Probe x2 (Chrono Boost)  
  90  8:34  Zealot x2  
  90  8:36  Probe x2 (Chrono Boost)  
  94  8:43  Observer  
  94  8:46  Gateway  
  94  8:48  Gateway  
  94  8:50  Pylon x2  
  94  8:58  Dark Templar  
  94  8:59  Dark Templar  
  94  9:02  Observer, Archon  
  98  9:07  Stalker  
  100  9:18  Probe x2  
  100  9:20  Gateway  
  100  9:23  Gateway  
  102  9:24  Gateway  
  102  9:27  Immortal  
  96  9:38  Stalker  
  96  9:39  Stalker x2  
  95  9:54  Stalker x2  

Tags
 
Add a new tag
Caveats
  • Supply blocks, unpowered buildings, or Contaminate may cause inaccurate times.
  • Supply counts are checked every 10 seconds.